Map: Traitor's Exile

Players

Yvolot

  • Race: Terran Terran
  • League: Diamond
  • Spawn Location: 5:00

Bombs

  • Race: Terran Terran
  • Spawn Location: 6:00

BizMac

  • Race: Zerg Zerg
  • Spawn Location: 9:00

ILIEKEGGPIE

  • Race: Protoss Protoss
  • League: Platinum
  • Spawn Location: 12:00

VOD

Have the link to the VOD?

Description

Time

  • Played on: April 6, 2018, 12:42 p.m.
  • Length: 16:50
Show
View Real Time Build Order
Export as new Build Order

Yvolot Terran 

Build Orders:  

Get SALT Encoding   

  12  0:03  SCV  
  13  0:15  SCV  
  13  0:19  Supply Depot  
  14  0:28  SCV  
  15  0:41  SCV  
  16  0:44  Refinery  
  16  0:48  Barracks  
  16  0:53  SCV  
  17  1:05  SCV  
  18  1:17  SCV  
  19  1:31  SCV  
  20  1:39  Barracks Reactor  
  20  1:43  Orbital Command  
  20  1:51  Command Center  
  20  2:05  Refinery  
  20  2:12  SCV  
  20  2:13  Factory  
  21  2:16  Marine  
  21  2:19  Marine  
  23  2:41  Supply Depot  
  23  2:58  Starport  
  23  3:02  Factory Tech Lab  
  23  3:03  Marine x2, SCV  
  23  3:04  Widow Mine  
  28  3:09  Orbital Command  
  28  3:24  SCV  
  28  3:25  Marine x2  
  31  3:28  Widow Mine  
  31  3:33  Refinery  
  33  3:36  SCV x2  
  35  3:43  Viking  
  35  3:45  Marine x2  
  39  3:51  Factory Tech Lab  
  39  4:07  SCV x2  
  41  4:10  Marine x2  
  41  4:14  Siege Tank  
  46  4:20  Supply Depot  
  46  4:25  Supply Depot  
  46  4:41  SCV x2  
  48  4:48  Siege Tank  
  48  4:49  Marine x2  
  53  4:53  SCV x2  
  53  4:59  Command Center  
  55  5:02  Starport Reactor  
  55  5:05  SCV x2  
  57  5:11  Marine x2  
  57  5:12  Barracks  
  59  5:15  Barracks  
  59  5:18  SCV x2  
  61  5:35  SCV  
  62  5:39  Supply Depot  
  62  5:43  SCV  
  62  5:45  Refinery, Marine x2  
  62  5:46  Siege Tank  
  62  5:47  SCV  
  69  5:55  SCV  
  70  6:00  SCV  
  71  6:05  Barracks Tech Lab x2  
  71  6:07  SCV  
  72  6:15  Barracks  
  72  6:16  Barracks  
  72  6:17  SCV  
  74  6:19  Orbital Command  
  74  6:21  Marine x2  
  74  6:25  Medivac x2  
  77  6:27  Siege Tank  
  77  6:32  SCV x2  
  84  6:44  SCV x2  
  86  7:02  Marine x2  
  86  7:04  Stimpack, Combat Shields  
  88  7:10  Engineering Bay  
  88  7:20  Marine x2  
  90  7:36  Siege Tank  
  90  7:38  Marine x3  
  93  7:47  Missile Turret  
  93  7:52  Missile Turret  
  93  7:53  Barracks Reactor  
  93  7:54  Barracks Reactor  
  93  8:06  Missile Turret  
  93  8:07  Supply Depot  
  93  8:09  Factory  
  93  8:10  Supply Depot  
  93  8:11  SCV x2  
  93  8:17  SCV  
  93  8:22  Marine x2  
  93  8:24  Marine, SCV  
  93  8:29  Marine, SCV x2  
  97  8:34  Medivac x2, Siege Tank  
  97  8:36  SCV  
  97  8:40  Marine  
  103  8:41  SCV x2  
  103  8:47  Marine  
  106  8:48  SCV  
  106  8:55  Missile Turret x2  
  106  8:56  Factory Tech Lab  
  106  8:57  Missile Turret  
  106  8:58  Marine  
  107  9:04  Viking  
  107  9:05  Armory  
  107  9:07  Missile Turret  
  109  9:15  SCV  
  109  9:16  SCV x2  
  109  9:17  Marine x2  
  108  9:33  Marine  
  109  9:43  Refinery  
  109  9:44  Refinery  
  109  10:35  Starport  
  109  10:40  Starport  
  109  10:42  Supply Depot x2  
  109  10:45  Marine x2, SCV  
  109  10:46  Marine x2  
  109  10:47  Marine x3, SCV x2  
  109  10:48  Marine, Viking  
  109  10:49  Viking  
  108  10:51  Siege Tank  
  108  10:52  Siege Tank  
  89  10:58  SCV  
  89  10:59  SCV x2  
  89  11:03  Marine x2  
  92  11:04  Marine x3  
  92  11:05  Supply Depot, Marine x3  
  92  11:10  SCV  
  96  11:12  SCV  
  96  11:18  Viking  
  99  11:19  Viking  
  99  11:21  Starport Reactor, Marine x2  
  99  11:22  Marine x4  
  99  11:23  Marine x2, Siege Tank  
  99  11:24  Siege Tank  
  115  11:38  Terran Vehicle Weapons Level 1  
  115  11:39  Marine x2  
  117  11:40  Marine  
  117  11:44  Terran Infantry Weapons Level 1  
  118  11:47  Engineering Bay  
  118  11:53  Starport Reactor  
  118  11:56  Thor  
  124  12:05  Marine  
  124  12:06  Marine x7  
  132  12:23  Marine  
  132  12:29  Terran Infantry Armor Level 1  
  133  12:33  Supply Depot x2  
  133  12:38  Supply Depot  
  133  12:43  Armory  
  133  12:45  Command Center  
  133  12:54  Marine x6, Siege Tank x2, Viking x2  
  149  12:59  Marine x2  
  149  13:03  SCV x3, Sensor Tower  
  154  13:06  Missile Turret  
  154  13:12  Marine x3  
  157  13:17  Supply Depot  
  157  13:18  Supply Depot  
  157  13:39  Marine x8, Viking x4  
  157  13:40  Supply Depot  
  173  13:57  Marine x4, SCV x3, Viking  
  182  14:09  SCV  
  163  14:43  Marine x8  
  151  14:49  Viking x4  
  151  14:50  Viking x2  
  151  14:52  Siege Tank x2  
  165  15:00  Marine  
  165  15:01  Marine x7  
  173  15:18  Marine  
  173  15:19  Marine x7  
  181  15:22  Medivac x2  
  181  15:23  Viking x3  
  181  15:24  Siege Tank  
  194  15:36  Marine  
  194  15:37  Marine  
  196  16:03  Orbital Command  
  196  16:08  Refinery, Marine  
  196  16:09  Refinery  
  196  16:16  Marine  
  196  16:28  Marine  
  196  16:29  Marine, SCV x3  
  196  16:30  Marine x3  
  196  16:32  Marine  
Show
View Real Time Build Order
Export as new Build Order

Bombs Terran 

Build Orders: Cyclone Opening, Reaper Expand, MMM Bio 

Get SALT Encoding   

  12  0:01  SCV  
  13  0:13  SCV  
  14  0:22  Supply Depot  
  14  0:25  SCV  
  15  0:31  Refinery  
  15  0:43  SCV  
  15  0:46  Barracks  
  16  0:55  SCV  
  17  1:07  SCV  
  18  1:27  SCV  
  19  1:36  Reaper  
  19  1:39  Orbital Command  
  20  1:52  Command Center  
  20  2:06  SCV  
  20  2:07  Factory  
  21  2:10  Barracks Reactor  
  21  2:17  Supply Depot  
  21  2:20  SCV  
  22  2:28  Refinery  
  22  2:32  SCV  
  23  2:44  SCV  
  23  2:50  Marine x2  
  26  2:51  Cyclone  
  26  2:56  SCV  
  30  3:07  Orbital Command  
  30  3:08  Marine x2, SCV  
  33  3:20  SCV  
  33  3:24  Starport  
  34  3:28  Cyclone  
  34  3:33  SCV  
  38  3:34  SCV  
  38  3:39  Supply Depot  
  39  3:45  SCV  
  39  3:47  Marine x2, SCV  
  43  3:57  SCV  
  43  3:59  Bunker  
  43  4:01  SCV  
  45  4:02  Factory Tech Lab  
  45  4:04  Medivac  
  45  4:09  Supply Depot, SCV  
  48  4:12  Marine x2  
  48  4:13  SCV  
  48  4:17  Engineering Bay  
  51  4:21  SCV  
  52  4:27  Liberator  
  52  4:28  Supply Depot  
  52  4:31  Siege Tank  
  55  4:34  SCV x2  
  62  4:50  SCV x2  
  62  4:57  Barracks  
  62  4:58  Supply Depot  
  62  5:00  Barracks Tech Lab  
  62  5:01  Barracks  
  62  5:02  SCV x2  
  64  5:13  Siege Tank  
  69  5:14  SCV x2  
  69  5:26  SCV x2  
  69  5:27  Marine  
  72  5:28  Starport Reactor  
  72  5:33  Command Center  
  72  5:35  Refinery x2  
  72  5:37  Supply Depot  
  72  5:38  Supply Depot, SCV  
  73  5:45  Stimpack  
  73  5:48  SCV  
  74  5:51  Barracks Reactor  
  74  5:52  Marine  
  74  5:55  SCV  
  76  6:05  Supply Depot  
  76  6:06  SCV  
  76  6:09  Marine  
  78  6:12  Medivac x2  
  82  6:21  Barracks  
  82  6:22  Barracks, SCV  
  82  6:25  SCV  
  81  6:27  Marine x3  
  84  6:34  SCV  
  84  6:37  Marine x2, SCV  
  84  6:39  Siege Tank  
  91  6:41  Terran Infantry Weapons Level 1  
  91  6:42  Supply Depot  
  91  6:45  Marine  
  90  6:50  Missile Turret  
  83  6:55  Orbital Command  
  83  6:56  Missile Turret x2  
  83  6:58  SCV  
  83  6:59  SCV  
  85  7:03  Marine  
  85  7:06  Missile Turret  
  83  7:10  SCV  
  83  7:11  SCV  
  84  7:21  Marauder, SCV  
  84  7:22  SCV  
  85  7:24  SCV  
  82  7:32  Marine  
  82  7:33  Barracks Reactor x2, SCV  
  82  7:34  SCV  
  82  7:36  SCV  
  86  7:42  Engineering Bay  
  86  7:43  Armory, Marauder  
  87  7:45  SCV  
  87  7:46  Medivac x2, SCV  
  87  7:48  SCV  
  94  7:55  Missile Turret  
  94  7:56  Missile Turret  
  94  7:57  SCV  
  95  7:59  SCV  
  95  8:00  SCV  
  95  8:04  Marine x4  
  95  8:05  Marine  
  94  8:06  Siege Tank  
  94  8:09  SCV, Combat Shields  
  94  8:11  SCV  
  94  8:12  SCV  
  100  8:21  SCV  
  100  8:22  Refinery x2  
  100  8:23  Marauder, SCV  
  100  8:24  SCV  
  103  8:31  Marine  
  103  8:33  SCV  
  97  8:34  Marine x4  
  97  8:35  Marine x3, SCV  
  97  8:36  SCV  
  102  8:43  Terran Vehicle Weapons Level 1  
  102  8:44  Marine  
  102  8:46  SCV  
  102  8:47  SCV  
  97  8:49  Marine  
  97  8:51  Thor  
  97  8:52  Marine x7  
  111  8:58  Terran Infantry Armor Level 1, Missile Turret  
  111  9:02  Marine  
  112  9:07  Marine  
  113  9:10  Marine x7  
  119  9:22  Marine, SCV  
  120  9:24  SCV  
  120  9:28  Concussive Shells  
  120  9:30  SCV, Terran Infantry Weapons Level 2  
  118  9:34  SCV, Siege Tank  
  118  9:35  Marine x3  
  125  9:40  Supply Depot  
  125  9:41  Supply Depot, Medivac x2, Marine x4  
  125  9:44  Marine  
  125  9:45  Marine  
  132  9:53  Marine  
  132  9:55  Missile Turret  
  132  9:56  Missile Turret  
  133  10:00  Marine x5  
  133  10:01  SCV x3  
  133  10:02  Marine  
  133  10:03  Supply Depot  
  133  10:04  Supply Depot  
  142  10:13  SCV x3, Siege Tank  
  148  10:25  SCV  
  148  10:26  Command Center  
  149  10:30  Ghost Academy  
  149  10:42  Marine  
  149  10:43  Marauder, Marine x3  
  149  10:45  Siege Tank  
  154  10:53  Marine  
  154  10:54  Marine x2  
  154  10:55  Marine  
  136  10:59  Viking x2  
  136  11:00  Marine x2  
  121  11:05  Marauder  
  121  11:10  Marine x2  
  122  11:11  Marine  
  122  11:17  Barracks  
  117  11:19  Barracks  
  117  11:20  Barracks  
  117  11:23  Siege Tank  
  120  11:26  Marauder  
  120  11:32  Viking x2  
  126  11:48  Marine  
  126  11:49  Terran Infantry Weapons Level 3, Terran Infantry Armor Level 2  
  127  11:55  Marauder, Marine x2  
  127  11:57  Marine x2  
  132  12:02  Medivac x2  
  132  12:06  Marine  
  132  12:07  Marine  
  138  12:10  Siege Tank  
  141  12:17  Marauder  
  141  12:18  Barracks Tech Lab  
  141  12:19  Barracks Tech Lab x2  
  143  12:23  Planetary Fortress  
  142  12:33  Marine  
  142  12:35  Viking x2  
  147  12:38  Marauder  
  147  12:40  SCV  
  147  12:41  Ghost x2  
  154  12:58  Sensor Tower  
  154  12:59  Ghost  
  154  13:01  Missile Turret  
  154  13:04  Missile Turret  
  156  13:08  Siege Tank  
  159  13:13  Ghost x3  
  159  13:14  Marine x2  
  159  13:15  Marine x2  
  161  13:21  Marine x3  
  161  13:26  Marine  
  165  13:27  Ghost  
  165  13:32  Marine  
  168  13:38  Marine x2  
  168  13:39  Command Center, Marine  
  168  13:40  Siege Tank  
  174  13:41  Ghost  
  174  13:42  Marauder  
  174  13:43  Marauder  
  180  13:53  Marine x2  
  182  13:57  Marauder  
  182  13:58  Marine  
  182  13:59  Marine x2  
  187  14:16  Supply Depot  
  187  14:17  Supply Depot  
  187  14:38  Marauder x4  
  195  14:40  Marine  
  195  14:44  Marine x2  
  190  14:55  Marine x2  
  190  14:59  Marauder x4  
  200  15:12  Command Center  
  200  15:20  Factory  
  200  15:21  Factory  
  200  15:51  Planetary Fortress  
  200  15:52  Refinery x2, Missile Turret  
  200  15:54  Missile Turret  
  176  16:20  Factory Tech Lab x2  
Show
View Real Time Build Order
Export as new Build Order

BizMac Zerg 

Build Orders: Pool First, Muta Ling Bane 

Get SALT Encoding   

  12  0:01  Drone  
  13  0:13  Overlord  
  13  0:25  Drone  
  14  0:33  Drone x2  
  16  0:36  Drone  
  16  0:40  Extractor  
  16  0:48  Drone  
  17  0:54  Spawning Pool  
  16  0:59  Drone  
  17  1:08  Drone  
  18  1:26  Hatchery  
  18  1:31  Drone  
  18  1:42  Queen  
  20  1:49  Overlord  
  20  1:53  Drone  
  21  1:58  Metabolic Boost  
  21  2:12  Zergling x2  
  21  2:13  Zergling x2  
  23  2:18  Drone  
  23  2:20  Queen  
  26  2:28  Overlord  
  26  2:32  Extractor  
  25  2:38  Drone  
  25  2:44  Queen  
  28  2:57  Lair  
  28  3:03  Drone x3  
  28  3:04  Drone  
  32  3:17  Overlord  
  32  3:18  Drone  
  33  3:31  Drone x4  
  37  3:59  Drone x2  
  37  4:00  Drone x6  
  45  4:02  Extractor  
  45  4:03  Extractor  
  45  4:07  Spire  
  42  4:19  Drone  
  42  4:20  Drone x4  
  47  4:26  Drone  
  48  4:33  Drone x4  
  52  4:38  Overlord  
  52  4:39  Baneling Nest  
  52  4:44  Overlord  
  51  4:59  Spore Crawler, Zergling x4  
  56  5:00  Zergling x8  
  56  5:10  Zergling x6  
  59  5:30  Zerg Flyer Weapons Level 1  
  59  5:31  Overlord  
  59  5:32  Mutalisk x4  
  67  5:43  Overlord  
  63  5:54  Mutalisk  
  63  5:55  Mutalisk x3  
  71  6:01  Centrifical Hooks  
  71  6:03  Mutalisk x2  
  75  6:06  Mutalisk  
  77  6:31  Mutalisk  
  77  6:32  Mutalisk  
  81  6:33  Zergling x2  
  81  6:34  Zergling x4  
  81  6:35  Overlord x2  
  84  6:48  Hatchery  
  77  7:35  Mutalisk  
  77  7:36  Mutalisk x5  
  89  8:03  Mutalisk  
  89  8:04  Mutalisk x3  
  87  8:49  Mutalisk x5  
  97  8:57  Queen  
  89  9:32  Zergling x18  
  92  9:52  Zergling x6  
  87  9:53  Baneling x3  
  87  9:54  Baneling x6  
  87  9:59  Zergling x6  
  90  10:01  Baneling x7  
  90  10:07  Drone  
  90  10:08  Drone x2  
  89  10:33  Zergling x12  
  81  10:55  Zergling x14  
  81  10:56  Zergling x4  
  66  11:07  Zergling x8  
  66  11:08  Zergling x4  
  70  11:16  Evolution Chamber  
  66  11:19  Evolution Chamber  
  65  11:40  Hatchery  
  64  11:50  Infestation Pit  
  63  11:57  Drone x3, Extractor  
  63  11:58  Extractor  
  63  12:00  Drone  
  69  12:01  Drone x10  
  69  12:07  Baneling x4  
  69  12:08  Baneling x7  
  75  12:09  Baneling x3  
  75  12:44  Drone  
  75  12:45  Spore Crawler, Drone x10  
  75  12:50  Zergling x2  
  75  12:51  Zergling x8  
  90  12:54  Zerg Ground Armor Level 1, Zerg Melee Weapons Level 1, Extractor  
  90  12:58  Extractor  
  88  13:00  Hive  
  88  13:11  Queen  
  90  13:12  Evolution Chamber  
  90  13:13  Evolution Chamber, Drone x3  
  90  13:15  Drone  
  90  13:16  Drone x7  
  99  13:27  Spore Crawler  
  99  13:29  Spore Crawler, Drone  
  99  13:33  Spore Crawler  
  97  13:35  Drone  
  97  13:36  Spore Crawler  
  97  13:37  Spore Crawler  
  96  13:43  Zergling x2  
  96  13:44  Zergling x18  
  106  13:54  Overlord x6  
  106  14:15  Viper x2  
  106  14:16  Viper x2  
  118  14:24  Spore Crawler  
  118  14:26  Spine Crawler  
  116  14:32  Ultralisk Cavern  
  85  14:59  Zergling x2  
  87  15:00  Zergling x42  
  105  15:22  Baneling  
  105  15:23  Baneling x17  
  105  15:24  Baneling x2  
  105  15:27  Ultralisk x7  
  75  16:20  Zergling x4  
  75  16:21  Zergling x26  
Show
View Real Time Build Order
Export as new Build Order

ILIEKEGGPIE Protoss 

Build Orders:  

Get SALT Encoding   

  12  0:01  Probe  
  13  0:13  Probe  
  14  0:18  Pylon  
  14  0:25  Probe (Chrono Boost)  
  15  0:37  Probe (Chrono Boost)  
  16  0:45  Gateway  
  16  0:46  Probe (Chrono Boost)  
  17  0:51  Probe  
  17  0:55  Assimilator  
  18  1:03  Probe  
  19  1:09  Assimilator  
  19  1:16  Probe  
  20  1:20  Pylon  
  20  1:25  Assimilator  
  20  1:28  Probe  
  20  1:40  Probe (Chrono Boost)  
  20  1:42  Cybernetics Core  
  21  1:52  Probe (Chrono Boost)  
  22  1:58  Probe (Chrono Boost)  
  23  2:15  Nexus  
  23  2:18  Stalker (Chrono Boost)  
  25  2:24  Warp Gate  
  25  2:35  Shield Battery  
  25  2:42  Shield Battery  
  25  2:55  Probe  
  26  3:07  Probe  
  26  3:12  Robotics Facility  
  27  3:15  Gateway  
  27  3:19  Probe (Chrono Boost)  
  28  3:31  Probe (Chrono Boost)  
  29  3:37  Probe (Chrono Boost)  
  29  3:39  Gateway  
  30  3:41  Pylon  
  30  3:45  Probe  
  31  3:57  Probe  
  31  3:59  Pylon, Probe  
  31  4:00  Observer  
  37  4:10  Probe (Chrono Boost)  
  37  4:11  Probe (Chrono Boost)  
  38  4:21  Probe (Chrono Boost)  
  38  4:22  Probe (Chrono Boost)  
  40  4:25  Probe (Chrono Boost)  
  40  4:27  Immortal  
  43  4:31  Probe  
  43  4:34  Robotics Bay  
  43  4:36  Probe  
  45  4:44  Stalker  
  45  4:45  Stalker  
  49  5:01  Stalker  
  49  5:30  Extended Thermal Lance (Chrono Boost)  
  49  5:31  Probe x2  
  51  5:43  Probe  
  52  5:50  Assimilator  
  52  5:56  Pylon  
  52  5:57  Assimilator  
  52  5:59  Pylon  
  49  6:13  Colossus  
  55  6:39  Stalker x2  
  59  6:40  Stalker  
  63  6:47  Probe (Chrono Boost)  
  63  6:48  Probe (Chrono Boost)  
  63  6:59  Probe (Chrono Boost)  
  65  7:04  Probe (Chrono Boost)  
  65  7:07  Immortal  
  69  7:11  Probe (Chrono Boost)  
  69  7:15  Gateway  
  70  7:16  Gateway  
  70  7:21  Pylon  
  70  7:22  Robotics Facility  
  70  7:32  Pylon  
  70  7:39  Probe  
  71  7:51  Colossus  
  71  7:56  Probe x2  
  77  8:10  Stalker x3  
  83  8:18  Pylon  
  83  8:22  Sentry  
  83  8:23  Pylon  
  83  8:27  Pylon  
  85  8:30  Pylon  
  85  8:31  Pylon  
  85  8:35  Colossus (Chrono Boost)  
  91  8:44  Stalker x4  
  91  8:47  Colossus (Chrono Boost), Sentry  
  107  8:57  Pylon  
  107  8:59  Pylon  
  107  9:22  Stalker x2  
  107  9:23  Sentry x3  
  117  9:49  Colossus (Chrono Boost)  
  123  10:00  Nexus  
  123  10:02  Pylon  
  123  10:03  Gateway  
  123  10:05  Gateway  
  123  10:21  Stalker x2  
  123  10:22  Stalker, Sentry x2  
  123  10:27  Immortal (Chrono Boost)  
  141  10:43  Immortal (Chrono Boost)  
  111  11:00  Stalker x3  
  111  11:01  Stalker, Sentry  
  97  11:09  Colossus  
  99  11:35  Twilight Council  
  99  11:37  Gateway  
  99  11:39  Gateway  
  99  11:43  Pylon  
  99  12:02  Assimilator  
  99  12:07  Assimilator  
  99  12:13  Pylon  
  89  12:27  Stalker  
  89  12:28  Stalker x2  
  89  12:29  Stalker  
  97  12:30  Stalker  
  97  12:44  Blink (Chrono Boost)  
  97  12:54  Stalker x4, Sentry x2  
  97  12:55  Sentry  
  112  12:58  Probe  
  112  13:19  Stalker x3, Sentry  
  120  13:20  Zealot x2  
  124  13:33  Forge  
  124  13:40  Forge  
  124  14:10  Stalker x3  
  124  14:12  Protoss Ground Weapons Level 1 (Chrono Boost)  
  124  14:13  Stalker x2  
  98  14:52  Stalker x3  
  68  14:53  Stalker x3  
  47  15:37  Stalker x4  
  47  15:39  Sentry x2  
Tags
 
Add a new tag
Caveats
  • Supply blocks, unpowered buildings, or Contaminate may cause inaccurate times.
  • Supply counts are checked every 10 seconds.